 Dungeon Crawl Stone Soup version 0.20.1-1-g8b1a95d (webtiles) character file.

1621 Monsterracer the Martial Artist (level 8, -1/67 HPs)
             Began as a Merfolk Transmuter on Aug 11, 2017.
             Was a Believer of Cheibriados.
             Slain by an orc
             ... wielding a +0 hand axe
              (9 damage)
             ... on level 6 of the Dungeon on Aug 12, 2017.
             The game lasted 00:13:56 (6269 turns).

Monsterracer the Martial Artist (MfTm)              Turns: 6269, Time: 00:13:57

Health: -1/67      AC:  4    Str: 16    XL:     8   Next: 96%
Magic:  7/11       EV: 16    Int: 22    God:    Cheibriados [**....]
Gold:   325        SH:  0    Dex: 23    Spells: 1/11 levels left

rFire    . . .     SeeInvis .     - Unarmed
rCold    . . .     Gourm    .   (no shield)
rNeg     . . .     Faith    .   u - +0 robe
rPois    .         Spirit   .   (no helmet)
rElec    .         Reflect  .   (no cloak)
rCorr    .         Harm     .   p - +0 pair of gloves
MR       .....                  j - +0 pair of boots
Stlth    ++........             k - amulet of regeneration
Regen    0.7/turn               o - +2 ring of dexterity
MPRegen  0.2/turn               q - ring of flight

@: very slow
A: change form in water, swift swim, stealthy swim, clever 1, robust 1
a: Bend Time, Renounce Religion, Evoke Flight


You were on level 6 of the Dungeon.
You worshipped Cheibriados.
Cheibriados was pleased with you.
You were hungry.

You visited 1 branch of the dungeon, and saw 6 of its levels.

You collected 325 gold pieces.

Inventory:

Missiles
 a - 26 arrows
Armour
 j - a +0 pair of boots (worn)
 p - a +0 pair of gloves (worn)
 u - a +0 robe (worn)
 v - a +1 ring mail of poison resistance
Jewellery
 k - an amulet of regeneration (around neck)
 o - a +2 ring of dexterity (left hand)
 q - a ring of flight (right hand)
Scrolls
 b - 2 scrolls of blinking
 l - 3 scrolls of teleportation
 m - 2 scrolls of remove curse
Potions
 e - 2 potions of curing
 r - a potion of magic
Books
 c - a book of Changes

   Spells                             Type                      Level
   a - Beastly Appendage              Transmutation                1
   b - Sticks to Snakes               Transmutation                2
   c - Spider Form                    Transmutation/Poison         3
   d - Ice Form                       Ice/Transmutation            4
   e - Blade Hands                    Transmutation                5
Comestibles
 d - 6 bread rations
 f - a royal jelly
 g - 2 meat rations
 h - 4 fruits


   Skills:
 + Level 4.9 Fighting
 + Level 5.0 Dodging
 * Level 8.0 Unarmed Combat
 - Level 2.0 Spellcasting
 + Level 7.2 Transmutations
 + Level 4.4 Invocations


You had one spell level left.
You knew the following spells:

 Your Spells              Type           Power        Failure   Level  Hunger
b - Sticks to Snakes      Tmut           ####....     1%          2    ##.....
c - Spider Form           Tmut/Pois      ###.......   10%         3    ###....
d - Blade Hands           Tmut           ####......   19%         5    ######.


Dungeon Overview and Level Annotations

Branches:
Dungeon (6/15)             Temple (0/1) D:6

Altars:
Cheibriados
Dithmenos
Hepliaklqana
Makhleb
Ru
Xom
Yredelemnul
Zin


Innate Abilities, Weirdness & Mutations

You revert to your normal form in water.
You are very nimble and swift while swimming.
You are very stealthy in the water. (Stealth+)
Your mind is acute. (Int +2)
You are robust. (+10% HP)


Message History

The hound is almost dead.
The hound misses you. The hound completely misses you.
You barely miss the orc wizard.
The orc wizard is moderately wounded.
Your transformation has ended.
Your +0 pair of gloves unmelds from your body.
Your +0 pair of boots unmelds from your body.
Your +0 robe unmelds from your body.
The hound looks more healthy.
The hound misses you.
The orc wizard points at you and mumbles some strange words.
The puff of flame hits you!
* * * LOW HITPOINT WARNING * * *
Huge Dmg: -15%(-10hp) hp: 9%(6hp)
The hound misses you. x2
You hit the hound.
You kill the hound!
Cheibriados thoroughly appreciates the change of pace.
Your Unarmed Combat skill increases to level 8!
The orc wizard misses you. The orc hits you with a hand axe!
You die...

######'##.....#
#.##.....#
#.##.....#
#.##.....#
#.##.....## ..
#......#
##...#.#
#...#..# #@o.#
.# #†o.# .
#)).# .#
....o.....#
...o.###+##
...o ..o .. #


You could see an orc wizard and an orc.

Vanquished Creatures
  A water moccasin (D:5)
  An orc warrior (D:6)
  2 sky beasts
  3 ogres
  A bullfrog (D:6)
  2 scorpions (D:4)
  A howler monkey (D:4)
  2 crimson imps (D:6)
  A bullfrog zombie (D:5)
  A jelly (D:6)
  2 hounds
  2 orc priests
  A gnoll shaman (D:5)
  2 iguanas
  3 orc wizards (D:6)
  4 worker ants
  A worker ant zombie (D:6)
  5 gnolls
  A howler monkey skeleton (D:4)
  7 adders
  An ooze (D:2)
  An adder skeleton (D:5)
  2 dart slugs
  2 leopard geckos
  12 orcs
  A ball python (D:1)
  7 bats
  7 giant cockroaches
  4 hobgoblins
  7 jackals
  4 kobolds
  A quokka (D:5)
  2 frilled lizards
  2 goblins (D:2)
  9 rats
105 creatures vanquished.

Vanquished Creatures (collateral kills)
  An ice beast (D:5)
  A leopard gecko (D:2)
  A bat (D:2)
  A frilled lizard (D:2)
4 creatures vanquished.

Vanquished Creatures (others)
  2 hounds (D:4)
  A worker ant (D:4)
3 creatures vanquished.

Grand Total: 112 creatures vanquished

Notes
Turn   | Place    | Note
-------+----------+-------------------------------------------
     0 | D:1      | Monsterracer the Merfolk Transmuter began the quest for the Orb.
     0 | D:1      | Reached XP level 1. HP: 15/15 MP: 3/3
   152 | D:1      | HP: 4/15 [kobold/dagger (4)]
   413 | D:1      | Reached XP level 2. HP: 21/21 MP: 5/5
   417 | D:1      | Learned a level 2 spell: Sticks to Snakes
  1134 | D:2      | HP: 10/21 [bat (1)]
  1139 | D:2      | HP: 4/21 [leopard gecko (2)]
  1482 | D:2      | HP: 9/21 [adder (4)]
  1488 | D:2      | Reached skill level 4 in Unarmed Combat
  1488 | D:2      | Reached XP level 3. HP: 18/26 MP: 3/6
  1493 | D:2      | Learned a level 3 spell: Spider Form
  1605 | D:2      | Found a snail-covered altar of Cheibriados.
  1611 | D:2      | Became a worshipper of Cheibriados the Contemplative
  1855 | D:2      | Found a sacrificial altar of Ru.
  1894 | D:3      | Reached XP level 4. HP: 24/32 MP: 4/7
  2002 | D:3      | Found a glowing silver altar of Zin.
  2132 | D:3      | HP: 16/32 [poisoned by an adder]
  2137 | D:3      | HP: 12/32 [poisoned by an adder]
  2142 | D:3      | HP: 10/32 [poisoned by an adder]
  2149 | D:3      | HP: 9/32 [poisoned by an adder]
  2157 | D:3      | HP: 8/32 [poisoned by an adder]
  2465 | D:3      | Found a burning altar of Makhleb.
  2615 | D:3      | Reached * piety under Cheibriados
  2640 | D:3      | HP: 11/32 [iguana (9)]
  2643 | D:3      | Reached skill level 5 in Unarmed Combat
  2643 | D:3      | Reached XP level 5. HP: 12/37 MP: 4/8
  3257 | D:4      | Noticed an ogre
  3270 | D:4      | Killed an ogre
  3270 | D:4      | Reached skill level 5 in Transmutations
  3270 | D:4      | Reached skill level 1 in Invocations
  3364 | D:4      | Reached XP level 6. HP: 36/44 MP: 7/9
  3414 | D:4      | HP: 22/45 [poisoned by an adder]
  3419 | D:4      | HP: 20/45 [poisoned by an adder]
  3424 | D:4      | HP: 19/45 [poisoned by an adder]
  3430 | D:4      | HP: 18/45 [poisoned by an adder]
  3439 | D:4      | HP: 17/45 [poisoned by an adder]
  3445 | D:4      | HP: 17/45 [poisoned by an adder]
  3451 | D:4      | HP: 17/45 [poisoned by an adder]
  3457 | D:4      | HP: 17/45 [poisoned by an adder]
  3670 | D:4      | HP: 23/46 [hound (4)]
  3676 | D:4      | Reached skill level 6 in Unarmed Combat
  3680 | D:4      | Reached XP level 7. HP: 51/51 MP: 1/10
  3815 | D:4      | Found a shimmering altar of Xom.
  3960 | D:4      | HP: 26/52 [orc/war axe (9)]
  4902 | D:5      | Entered Level 5 of the Dungeon
  4953 | D:5      | HP: 21/52 [ice beast (11)]
  5212 | D:5      | Reached ** piety under Cheibriados
  5380 | D:5      | Found a shadowy altar of Dithmenos.
  5389 | D:5      | Reached XP level 8. HP: 58/60 MP: 11/11
  5398 | D:5      | Learned a level 5 spell: Blade Hands
  5452 | D:5      | Reached skill level 7 in Unarmed Combat
  5931 | D:6      | HP: 28/60 [something (6)]
  6000 | D:6      | Gained mutation: Your mind is acute. (Int +2) [mutagenic meat]
  6002 | D:6      | Gained mutation: You are robust. (+10% HP) [mutagenic meat]
  6042 | D:6      | Found a basalt altar of Yredelemnul.
  6090 | D:6      | Found a hazy altar of Hepliaklqana.
  6152 | D:6      | Found a staircase to the Ecumenical Temple.
  6251 | D:6      | HP: 26/67 [orc warrior/war axe (16)]
  6255 | D:6      | Reached skill level 5 in Dodging
  6256 | D:6      | HP: 26/67 [orc wizard/dagger (2)]
  6263 | D:6      | HP: 15/67 [hound (5)]
  6264 | D:6      | HP: 4/67 [orc wizard/puff of flame (12)]
  6269 | D:6      | Reached skill level 8 in Unarmed Combat
  6269 | D:6      | Slain by an orc

Skill      XL: |  1  2  3  4  5  6  7  8 |
---------------+-------------------------+-----
Transmutations | 3 4 5 6 7 |  7.2
Unarmed Combat | 4 5 6 8 |  8.0
Fighting       | 2 3 4 |  4.9
Invocations    | 1 2 3 4 |  4.4
Dodging        | 3 5 |  5.0
Spellcasting   | |  2.0

Action                   |  1- 3 |  4- 6 |  7- 9 || total
-------------------------+-------+-------+-------++-------
Melee: Unarmed           |   103 |   113 |   217 ||   433
       Headbutt          |     2 |     1 |     1 ||     4
       Punch             |     3 |       |     6 ||     9
 Cast: Beastly Appendage |     4 |     1 |     1 ||     6
       Sticks to Snakes  |     2 |     1 |     1 ||     4
       Spider Form       |     1 |     5 |     6 ||    12
Invok: Bend Time         |       |     2 |     1 ||     3
  Use: Potion            |     1 |     2 |     1 ||     4
       Scroll            |       |     1 |     8 ||     9
 Stab: Sleeping          |     1 |     2 |     1 ||     4
  Eat: Chunk             |     3 |     5 |     8 ||    16
Armor: Robe              |    27 |    20 |    20 ||    67
       Skin              |       |     7 |     9 ||    16
Dodge: Dodged            |   117 |    82 |   144 ||   343
